 Dungeon Crawl Stone Soup version 0.13-a0-2899-gc7fce8a (webtiles) character file.

117627 PolkaDot the Unseen (level 16, 90/95 (96) HPs)
             Began as a Vampire Enchanter on Aug 30, 2013.
             Was the Champion of Ashenzari.
             Drowned
             ... on Level 5 of the Swamp.
             The game lasted 04:46:20 (32620 turns).

PolkaDot the Unseen (Vampire Enchanter)            Turns: 32620, Time: 04:46:20

HP  90/95 (96)   AC 14     Str  8      XL: 16   Next: 21%
MP  25/31        EV 35     Int 22      God: Ashenzari [******]
Gold 891         SH 16     Dex 22      Spells:  7 memorised, 10 levels left

Res.Fire  : . . .   See Invis. : +   D - +0,+2 dagger (drain) (curse)
Res.Cold  : + + .   Warding    : .   F - +0 steam dragon armour (curse)
Life Prot.: + + +   Conserve   : .   O - +1 dwarf buckler (curse)
Res.Poison: +       Res.Corr.  : .   R - +0 cap
Res.Elec. : +       Clarity    : +   w - +2 cloak "Asehownia" {rElec}
Sust.Abil.: + .     Spirit.Shd : .   s - +2 pair of fencer's gloves {EV+3 Dex+3 Acc Res.Mut. : + Stasis : . g - +2 pair of boots (curse) Res.Rott. : + Flight : . h - cursed amulet of Sopn {rMut Dex+3 Int+3} Saprovore : . . . Z - cursed ring of sustain abilities i - cursed +4 ring of evasion

@: non-regenerating, invisible (expiring), very slightly contaminated, quite
resistant to hostile enchantments, extremely stealthy
A: bottle blood, fangs 3, horns 1, see invisible, unbreathing
a: Bat Form, Bottle Blood, Scrying, Transfer Knowledge, Renounce Religion


You were on level 5 of the Swamp.
You worshipped Ashenzari.
Ashenzari was exalted by your worship.
You were bloodless.

You visited 6 branches of the dungeon, and saw 35 of its levels.
You also visited: Labyrinth and Sewer.

You collected 2932 gold pieces.
You spent 2061 gold pieces at shops.

Inventory:

Hand weapons
 D - a cursed +0,+2 dagger of draining (weapon)
Armour
 g - a cursed +2 pair of boots (worn)
 s - the cursed +2 pair of fencer's gloves (worn) {EV+3 Dex+3 Acc+8}
   (You bought it in a shop on level 8 of the Dungeon)

   It affects your evasion (+3).
   It affects your dexterity (+3).
   It affects your accuracy (+8).
   It has a curse placed upon it.
 w - the cursed +2 cloak "Asehownia" (worn) {rElec}
   (You bought it in a shop on level 2 of the Orcish Mines)

   It insulates you from electricity.
   It has a curse placed upon it.
 F - a cursed +0 steam dragon armour (worn)
 O - a cursed +1 dwarven buckler (worn)
 R - a +0 cap (worn)
Magical devices
 k - a wand of digging (3)
 m - a wand of fire (4)
 v - a wand of disintegration (17)
 N - a wand of hasting (3)
 P - a wand of digging (3)
 U - a wand of lightning (4) {unknown}
 V - a wand of frost (13)
Scrolls
 a - 4 scrolls of enchant weapon I
 d - 3 scrolls of recharging
 e - 4 scrolls of identify
 j - a scroll of silence
 l - 3 scrolls of fog
 n - 8 scrolls of teleportation
 o - 3 scrolls of enchant weapon II
 q - 2 scrolls of immolation {unknown}
 x - 2 scrolls of fear
 y - a scroll of curse weapon
 z - 2 scrolls of remove curse
 A - a scroll of blinking
 B - a scroll of amnesia
 C - a scroll of holy word {unknown}
 J - a scroll of enchant armour
 S - a scroll of vorpalise weapon {unknown}
 T - a scroll of curse armour
 W - a scroll of enchant weapon III {unknown}
Jewellery
 h - the cursed amulet of Sopn (around neck) {rMut Dex+3 Int+3}
   (You bought it in a shop on level 4 of the Orcish Mines)

   [amulet of resist mutation]

   It affects your intelligence (+3).
   It affects your dexterity (+3).
   It has a curse placed upon it.
 i - a cursed +4 ring of evasion (left hand)
 u - an uncursed amulet of resist corrosion
 Z - a cursed ring of sustain abilities (right hand)
Potions
 b - 2 potions of agility
 r - 2 potions of might
 E - 4 potions of magic
 G - a potion of restore abilities
 H - 8 potions of curing
 I - a potion of brilliance
 L - 2 potions of resistance
 M - a potion of beneficial mutation
 Q - a potion of porridge {unknown}
Books
 c - a book of Maledictions

   Spells                             Type                      Level
   *Corona                            Hexes                        1
   Sure Blade                         Hexes/Charms                 2
   *Ensorcelled Hibernation           Hexes/Ice                    2
   *Confuse                           Hexes                        3
   *Enslavement                       Hexes                        4
   *Invisibility                      Hexes                        6
 f - a book of Dreams

   Spells                             Type                      Level
   *Ensorcelled Hibernation           Hexes/Ice                    2
   *Flight                            Charms/Air                   3
   Phase Shift                        Translocation                5
   Shadow Creatures                   Summoning                    5
   Mass Confusion                     Hexes                        6
   Darkness                           Hexes                        7
 p - the Papyrus of Assistive Confrontation
   (You found it on level 2 of the Lair of Beasts)

   Spells                             Type                      Level
   Flame Tongue                       Conjuration/Fire             1
   Freezing Aura                      Charms/Ice                   2
   *Repel Missiles                    Charms/Air                   2
   Ozocubu's Armour                   Charms/Ice                   3
   Lightning Bolt                     Conjuration/Air              5
   Orb of Destruction                 Conjuration                  7
 t - a book of Power

   Spells                             Type                      Level
   Iskenderun's Mystic Blast          Conjuration                  4
   Venom Bolt                         Conjuration/Poison           5
   Bolt of Magma                      Conjuration/Fire/Earth       5
   Fulminant Prism                    Conjuration/Hexes            5
   Iron Shot                          Conjuration/Earth            6
   Orb of Destruction                 Conjuration                  7
 K - a book of Hinderance

   Spells                             Type                      Level
   Confusing Touch                    Hexes                        1
   Slow                               Hexes                        2
   *Confuse                           Hexes                        3
   Petrify                            Transmutation/Earth          4
   Leda's Liquefaction                Hexes/Earth                  4
   Metabolic Englaciation             Hexes/Ice                    6


   Skills:
 - Level 10.1(14.4) Short Blades
 - Level 0.7 Throwing
 + Level 13.2(15.8) Dodging
 + Level 20.1(22.3) Stealth
 - Level 5.7(8.8) Shields
 * Level 8.0 Spellcasting
 + Level 19.4(22.9) Hexes
 - Level 6.7(11.2) Charms
 - Level 6.0(10.5) Ice Magic
 - Level 8.2(12.7) Air Magic


You had 10 spell levels left.
You knew the following spells:

 Your Spells              Type           Power        Failure   Level  Hunger
a - Corona                Hex            #######      0%          1    None
c - Confuse               Hex            #######.     0%          3    None
d - Ensorcelled Hibernat  Hex/Ice        ######       0%          2    None
e - Enslavement           Hex            #######.     0%          4    ###....
i - Invisibility          Hex            #######.     1%          6    ######.
F - Flight                Chrm/Air       ######....   1%          3    None
R - Repel Missiles        Chrm/Air       ######....   1%          2    None


Dungeon Overview and Level Annotations

Branches:
Dungeon (14/27)            Temple (1/1) D:4             Orc (4/4) D:8
    Elf (0/3) Orc:3          Lair (6/8) D:13          Swamp (5/5) Lair:5
 Spider (5/5) Lair:6        Slime (0/6) Lair:6

Altars:
Ashenzari
Cheibriados
Elyvilon
Fedhas
Kikubaaqudgha
Makhleb
Nemelex Xobeh
Okawaru
Sif Muna
Trog
Vehumet
Xom
Yredelemnul
Zin
the Shining One
Jiyva

Shops:
D:8 ([(   Orc:2 *[[=   Orc:4 =%??

Annotations:
D:2 Terence
Lair:3 exclusion: 3 oklob plants
Swamp:5 Lernaean hydra
Spider:5 Arachne


Innate Abilities, Weirdness & Mutations

You do not heal naturally.
You can bottle blood from corpses.
You have razor-sharp teeth.*
You have supernaturally acute eyesight.
You can survive without breathing.*
You have a pair of small horns on your head.*


Message History

The baby alligator bites your swamp drake!
Your swamp drake is killed!
Number of times to repeat, then command key: You must enter the number of times for the command to repeat.
Unknown command.
Unknown command.
A four-headed hydra comes into view.
The four-headed hydra moves out of view.
You are starting to lose your buoyancy.
You flicker for a moment.
A swamp dragon comes into view.
You block the four-headed hydra's attack.
The four-headed hydra completely misses you.
The four-headed hydra misses you.
You block the four-headed hydra's attack.
Are you sure you want to fly over deep water while you are losing your buoyancy?
You float gracefully downwards.
You fall into the water!
You try to escape, but your burden drags you down!
You drown...
You die...

* ** *# ,≈ #≈#*** *,≈
** *≈≈≈§# *### * , *
##.D≈# *≈≈ ≈
*#D#D≈≈##≈** *
####**#.≈..#≈###
##≈≈## #≈≈≈w≈≈≈#
#≈≈≈≈#####≈≈@.####
##≈.≈≈≈≈#≈#≈.§.≈#.#
#≈≈≈≈%≈.≈..§#≈D≈D≈#
##≈≈≈##≈≈≈≈≈.#§≈≈.##
#≈#≈.≈....≈.≈≈.≈≈.#
#≈.≈f≈#≈#≈§%≈≈.#≈≈##
#≈≈.≈%%§..%≈≈ttt.≈≈#
##≈..#≈≈%##≈{≈≈.#.≈##
#≈≈≈.≈≈≈≈≈≈≈≈≈≈.≈#≈#


You could see an alligator (wandering), a seven-headed hydra (wandering), 2
four-headed hydras, 2 swamp dragons, 2 baby alligators and a swamp worm
(wandering).

Vanquished Creatures
  Donald (Swamp:2)
  Maud (Spider:1)
  An orc warlord (Orc:3)
  A minotaur (Lab)
  4 ogre magi (Orc:4)
  Fannar (D:10)
  20 hydras
  4 alligators
  Nergalle (D:10)
  3 unseen horrors
  9 swamp dragons
  A harpy (shapeshifter) (D:11)
  3 hill giants (D:10)
  Joseph (D:8)
  4 red wasps
  An orc sorcerer (Orc:2)
  An orc knight (Orc:3)
  2 oklob plants
  14 wolf spiders
  A griffon (Lair:5)
  A spiny worm (Spider:2)
  7 elephants (Lair:6)
  A black mamba (Lair:4)
  Maurice (D:11)
  A cyclops (D:13)
  20 spiny frogs
  5 fire drakes
  3 demonic crawlers
  11 komodo dragons
  Grinder (D:4)
  3 orb spiders
  Sonja (D:10)
  A hydra skeleton (D:12)
  15 two-headed ogres (Orc:4)
  6 jumping spiders
  2 trolls (Orc:3)
  2 giant leeches
  3 blink frogs (Lair:2)
  10 baby alligators
  8 bog bodies
  14 slime creatures
  A basilisk (Lair:2)
  31 redbacks
  4 wyverns
  16 tarantellas
  32 yaks
  A wraith (D:10)
  11 ugly things (D:13)
  4 trapdoor spiders
  6 hippogriffs
  2 hungry ghosts
  2 steam dragons
  41 swamp worms
  Edmund (D:7)
  5 manticores
  8 wolves
  42 vampire mosquitoes
  12 swamp drakes
  10 necrophages
  3 phantoms
  3 ice beasts
  10 porcupines
  2 black bears
  23 orc warriors
  2 sky beasts
  12 crocodiles
  6 centaurs
  38 ogres
  12 big kobolds
  A boring beetle (Spider:4)
  A yellow wasp (D:8)
  2 giant slugs
  10 wargs
  A brain worm (Lair:6)
  13 giant frogs
  A gnoll sergeant (D:9)
  5 agate snails
  35 insubstantial wisps
  15 water moccasins
  An eye of draining (D:13)
  A hippogriff zombie (D:8)
  A yak zombie (D:7)
  A hippogriff skeleton (D:12)
  11 killer bees
  14 wights
  5 goliath beetles
  6 jellyfish
  17 orc priests
  9 crimson imps
  13 electric eels
  6 big fish
  6 hounds
  A centaur skeleton (D:4)
  12 iguanas
  5 jellies
  33 orc wizards
  5 scorpions
  18 spiders
  5 orange rats (Lair:5)
  A gnoll shaman (D:9)
  A water moccasin skeleton (D:11)
  8 worker ants
  8 sheep (Lair:5)
  A sky beast zombie (D:7)
  A big kobold skeleton (D:13)
  An ogre zombie (D:7)
  An ogre skeleton (D:10)
  A hound zombie (D:7)
  16 gnolls
  49 green rats
  13 adders
  6 giant mites
  6 worms
  An iguana zombie (D:6)
  An adder zombie (D:7)
  8 grey rats
  An adder skeleton (D:6)
  163 orcs
  20 bats
  A bat skeleton (D:4)
  4 giant cockroaches
  27 hobgoblins
  5 jackals
  34 kobolds
  6 quokkas
  5 ball pythons (Sewer)
  9 giant geckos
  10 giant newts
  18 goblins
  A goblin skeleton (D:3)
  2 hobgoblin zombies
  A kobold skeleton (D:5)
  A kobold zombie (D:5)
  21 rats
  A ballistomycete (D:12)
  A plant (Lair:3)
1238 creatures vanquished.

Vanquished Creatures (collateral kills)
  An elephant (Lair:6)
  A hill giant zombie (D:8)
  4 gnolls (D:9)
6 creatures vanquished.

Vanquished Creatures (others)
  2 big kobolds (D:8)
  8 kobolds (D:8)
  A plant (Lair:5)
11 creatures vanquished.

Grand Total: 1255 creatures vanquished

Notes
Turn   | Place    | Note
--------------------------------------------------------------
     0 | D:1      | PolkaDot, the Vampire Enchanter, began the quest for the Orb.
     0 | D:1      | Reached XP level 1. HP: 13/13 MP: 4/4
   591 | D:1      | Reached XP level 2. HP: 17/19 MP: 5/5
  1081 | D:2      | Noticed Terence
  1330 | D:2      | Found an iron altar of Okawaru.
  1403 | D:2      | Reached skill level 5 in Hexes
  1403 | D:2      | Reached XP level 3. HP: 24/24 MP: 6/6
  1408 | D:2      | Learned a level 3 spell: Confuse
  2223 | D:3      | Found a basalt altar of Yredelemnul.
  2517 | D:3      | Reached XP level 4. HP: 30/30 MP: 8/8
  2696 | D:2      | Reached skill level 6 in Hexes
  3166 | D:2      | Reached XP level 5. HP: 35/35 MP: 5/9
  3187 | D:2      | Reached skill level 5 in Stealth
  3187 | D:2      | Reached skill level 7 in Hexes
  3623 | D:4      | Found a staircase to the Ecumenical Temple.
  3633 | Temple   | Entered the Ecumenical Temple
  3769 | Temple   | Became a worshipper of Ashenzari the Shackled
  3872 | D:4      | Found a glowing silver altar of Zin.
  3876 | D:4      | Noticed an angel
  3878 | D:4      | Found a shimmering altar of Xom.
  4028 | D:4      | Reached XP level 6. HP: 18/41 MP: 2/11
  4222 | D:4      | Noticed a sky beast
  4228 | D:4      | Learned a level 4 spell: Enslavement
  4245 | D:4      | Killed a sky beast
  4245 | D:4      | Reached skill level 8 in Hexes
  4325 | D:4      | Noticed Grinder
  4369 | D:4      | Paralysed by Grinder for 2 turns
  4395 | D:4      | Killed Grinder
  4395 | D:4      | Reached skill level 9 in Hexes
  4395 | D:4      | Reached XP level 7. HP: 21/46 MP: 0/14
  4643 | D:4      | Learned a level 2 spell: Ensorcelled Hibernation
  4861 | D:5      | Entered Level 5 of the Dungeon
  5084 | D:5      | Reached skill level 10 in Hexes
  5084 | D:5      | Reached XP level 8. HP: 32/52 MP: 0/18
  5117 | D:5      | Found a deep blue altar of Sif Muna.
  5449 | D:6      | Found a glowing drain.
  5482 | Sewer    | Entered a sewer
  5490 | Sewer    | Learned a level 6 spell: Invisibility
  5872 | D:6      | Found a glowing golden altar of the Shining One.
  5940 | D:6      | Reached skill level 1 in Ice Magic
  6124 | D:6      | Acquired Ashenzari's first power
  6169 | D:6      | Reached skill level 11 in Hexes
  6226 | D:6      | Found a bloodstained altar of Trog.
  6393 | D:6      | Found a sparkling altar of Nemelex Xobeh.
  6481 | D:6      | Identified an uncursed rod of frigid destruction
  6661 | D:6      | Found an iron altar of Okawaru.
  6697 | D:7      | Reached XP level 9. HP: 57/57 MP: 9/20
  6700 | D:7      | Reached skill level 12 in Hexes
  6705 | D:7      | Found a blossoming altar of Fedhas.
  7042 | D:7      | Found a burning altar of Makhleb.
  7055 | D:7      | Reached skill level 10 in Stealth
  7068 | D:7      | Noticed Edmund
  7073 | D:7      | Killed Edmund
  7169 | D:7      | Reached skill level 13 in Hexes
  7350 | D:8      | Noticed Joseph
  7364 | D:8      | Acquired Ashenzari's second power
  7369 | D:8      | Found Tyagydophe's Weapon Shop.
  7425 | D:8      | Found Ysiwas' Armour Boutique.
  7427 | D:8      | Found a staircase to the Orcish Mines.
  7427 | D:8      | Found Cemebeiz's Weapon Boutique.
  7483 | D:8      | Reached skill level 5 in Ice Magic
  7503 | D:8      | Bought a +1 dwarven buckler for 118 gold pieces
  7511 | Orc:1    | Entered Level 1 of the Orcish Mines
  8151 | Orc:2    | Reached skill level 14 in Hexes
  8159 | Orc:2    | Reached skill level 1 in Shields
  8159 | Orc:2    | Reached XP level 10. HP: 63/63 MP: 21/21
  8176 | Orc:2    | Noticed an orc sorcerer
  8634 | D:8      | Acquired Ashenzari's third power
  8784 | D:8      | Killed Joseph
  8932 | D:9      | Reached skill level 5 in Short Blades
  9454 | D:9      | Found a radiant altar of Vehumet.
  9701 | D:10     | Entered Level 10 of the Dungeon
  9719 | D:10     | Reached XP level 11. HP: 68/68 MP: 17/22
  9837 | D:10     | Noticed a hill giant
  9843 | D:10     | Killed a hill giant
  9917 | D:10     | Reached skill level 15 in Hexes
  9925 | D:10     | Noticed Fannar
  9936 | D:10     | Killed Fannar
 10124 | D:10     | Acquired Ashenzari's fourth power
 10190 | D:10     | Noticed Sonja
 10197 | D:10     | Killed Sonja
 10206 | D:10     | Found a deep blue altar of Sif Muna.
 10306 | D:10     | Identified a scroll of acquirement
 10513 | D:10     | Noticed a hill giant
 10523 | D:10     | Killed a hill giant
 10605 | D:10     | Noticed Nergalle
 10608 | D:10     | Killed Nergalle
 10722 | D:10     | Noticed a hill giant
 10729 | D:10     | Killed a hill giant
 10972 | D:11     | Reached skill level 5 in Shields
 11081 | D:11     | Noticed Maurice
 11216 | D:11     | Killed Maurice
 11290 | D:11     | Noticed a seven-headed hydra
 11390 | D:11     | Killed a seven-headed hydra
 11876 | D:12     | Noticed an unseen horror
 11905 | D:12     | Killed an unseen horror
 11905 | D:12     | Reached XP level 12. HP: 18/74 MP: 20/23
 11912 | D:12     | HP: 3/74 [steam dragon/ball of steam (16)]
 12262 | D:12     | Noticed a seven-headed hydra
 12281 | D:12     | Killed a seven-headed hydra
 12281 | D:12     | Reached skill level 10 in Short Blades
 12405 | D:12     | Reached skill level 16 in Hexes
 12420 | D:12     | Noticed an unseen horror
 12424 | D:12     | Killed an unseen horror
 12687 | D:13     | Found a labyrinth entrance.
 12733 | Lab      | Entered a labyrinth
 13868 | Lab      | Noticed a minotaur
 13875 | Lab      | Killed a minotaur
 13877 | Lab      | Identified the ring of Chelos {Wiz Str-4 Int+3}
 13967 | D:13     | Found a staircase to the Lair.
 14018 | Lair:1   | Entered Level 1 of the Lair of Beasts
 14119 | D:13     | Reached skill level 5 in Dodging
 14119 | D:13     | Reached skill level 15 in Stealth
 15732 | Lair:2   | Identified the Papyrus of Assistive Confrontation
 15736 | Lair:2   | Learned a level 2 spell: Repel Missiles
 16086 | Lair:2   | Reached skill level 1 in Air Magic
 16464 | Lair:3   | Reached XP level 13. HP: 79/79 MP: 18/24
 16495 | Lair:3   | Noticed a four-headed hydra
 16502 | Lair:3   | Killed a four-headed hydra
 16502 | Lair:3   | Reached skill level 17 in Hexes
 18536 | Lair:5   | Found a staircase to the Swamp.
 18575 | Lair:5   | Found a white marble altar of Elyvilon.
 18627 | Lair:5   | Reached skill level 1 in Charms
 19570 | Lair:6   | Reached skill level 5 in Air Magic
 19883 | Lair:6   | Found a hole to the Spider Nest.
 20007 | Lair:6   | Found a viscous altar of Jiyva.
 20007 | Lair:6   | Found a staircase to the Slime Pits.
 20863 | D:12     | Learned a level 3 spell: Flight
 20973 | D:8      | Bought the +2 pair of fencer's gloves {EV+3 Dex+3 Acc+8} for 734 gold pieces
 21294 | Orc:2    | Found Loskosik's Jewellery Emporium.
 21320 | Orc:2    | Killed an orc sorcerer
 21557 | Orc:2    | Found Chiweudy's Armour Boutique.
 21634 | Orc:2    | Found Goavaoc's Assorted Antiques.
 21651 | Orc:2    | Found Ruakkuet's Antique Armour Shop.
 21699 | Orc:2    | Bought an encrusted cloak for 126 gold pieces
 21699 | Orc:2    | Identified the +2 cloak "Asehownia" {rElec} (You bought it in a shop on level 2 of the Orcish Mines)
 22174 | Orc:3    | Gained mutation: You have a pair of small horns on your head. [potion of beneficial mutation]
 22517 | Orc:3    | Found a staircase to the Elven Halls.
 22547 | Orc:3    | Reached XP level 14. HP: 85/85 MP: 17/25
 22850 | Orc:3    | Noticed an orc warlord
 22862 | Orc:3    | Killed an orc warlord
 23019 | Orc:4    | Entered Level 4 of the Orcish Mines
 23089 | Orc:4    | Found a radiant altar of Vehumet.
 23852 | Orc:4    | Found Yfos' Jewellery Boutique.
 23852 | Orc:4    | Found Mnuinuq's Magic Scroll Emporium.
 23852 | Orc:4    | Found Ghykhlyu's Food Emporium.
 23852 | Orc:4    | Found Shoecyky's Magic Scroll Shop.
 23931 | Orc:4    | Reached skill level 18 in Hexes
 23931 | Orc:4    | Reached skill level 5 in Charms
 24349 | Orc:4    | Bought the amulet of Sopn {rMut Dex+3 Int+3} for 1083 gold pieces
 24806 | Orc:4    | PolkaDot: brb
 24806 | Orc:4    | Wintrow: :) no hurries :)
 25059 | Lair:1   | PolkaDot: Eeny meeny miny mo, S or N? hmmm
 25209 | Spider:1 | Entered Level 1 of the Spider Nest
 25218 | Spider:1 | Reached skill level 5 in Spellcasting
 25502 | Spider:1 | Noticed Maud
 25536 | Spider:1 | Killed Maud
 25536 | Spider:1 | Reached skill level 10 in Dodging
 25893 | Spider:2 | PolkaDot: one last errand then I can get into the nest proper :)
 25893 | Spider:2 | Wintrow: what do you still need?
 25893 | Spider:2 | PolkaDot: RL errand not ingame :p
 25893 | Spider:2 | Wintrow: ah :)
 25893 | Spider:2 | PolkaDot: that said, I do need rF+ at some point ^^
 26501 | Spider:3 | Wintrow: orb of destruction spider :(
 26501 | Spider:3 | PolkaDot: more worried about the crawler; I find them harder to kill
 27199 | Spider:4 | Tolias: it's a bit dangerous to go completely bloodless
 27217 | Spider:4 | Wintrow: he's super stealthy though
 27217 | Spider:4 | PolkaDot: So I notice, if anything looks worrisome I'll just skedaddle and come back with some bottled blood
 27217 | Spider:4 | PolkaDot: The lack of healing is fine up 'til a branch like this
 27295 | Spider:4 | Wintrow: to heavy
 27301 | Spider:4 | Wintrow: but still fast :)
 27301 | Spider:4 | PolkaDot: exactly :p
 27448 | Spider:3 | Reached XP level 15. HP: 37/90 MP: 27/27
 27757 | Spider:4 | Wintrow: you got steam dragon armor! i missed that :)
 27774 | Spider:4 | PolkaDot: Here's a question, how deep is the Nest?
 27774 | Spider:4 | Wintrow: I don't know. most minibranches are 5
 27774 | Spider:4 | Wintrow: orc, elf, slime, that undead banch with the mummies
 27774 | Spider:4 | PolkaDot: Hmm. Cheers
 27782 | Spider:5 | Entered Level 5 of the Spider Nest
 27783 | Spider:5 | PolkaDot: annnd it's big and open. great ¬.¬
 27783 | Spider:5 | Wintrow: The bot say 5 lvls. also lvl 5 is murder
 27783 | Spider:5 | PolkaDot: uber careful then :D
 27862 | Spider:5 | Noticed Arachne
 27865 | Spider:5 | Tolias: nope
 27865 | Spider:5 | Wintrow: never seen her before. she's from greek myth. she was a better weaver than te gods so they turned her into a spider
 27867 | Spider:5 | Wintrow: greek gods where kinda dicks :)
 27876 | Spider:4 | Wintrow: so.... skipping spider 5 for a bit?
 27876 | Spider:4 | PolkaDot: I panicked and forgot traps don't stop you reading >.<
 27876 | Spider:4 | Tolias: or for more than a bit
 27876 | Spider:4 | PolkaDot: significantly.
 28406 | Lair:1   | Wintrow: does Ashenzari have anything that helps here?
 28408 | Lair:1   | PolkaDot: with the Nest?
 28408 | Lair:1   | Wintrow: low health
 28408 | Lair:1   | PolkaDot: nope
 28408 | Lair:1   | PolkaDot: I'll do some D levels, got potions if I really need 'em
 28408 | Lair:1   | Wintrow: yeah fill up on some hapless orc :)
 28408 | Lair:1   | PolkaDot: worth enchanting the dagger, do we think?
 28410 | Lair:1   | Wintrow: I'd wait for something better than this
 28410 | Lair:1   | Wintrow: though you have planty scrolls
 28410 | Lair:1   | Wintrow: *plenty
 28410 | Lair:1   | PolkaDot: I was thinking that. might do a couple of levels of all the branches and see what turns up
 28410 | Lair:1   | PolkaDot: then do Swamp. Done that one before ^_^
 28410 | Lair:1   | Wintrow: I'd changing my vote :) enchant it. if you die the scrolls are wasted anyway
 28410 | Lair:1   | PolkaDot: ^
 28410 | Lair:1   | PolkaDot: Always on mind
 28465 | D:14     | Entered Level 14 of the Dungeon
 28468 | D:13     | Wintrow: Dinner is served =P
 28468 | D:13     | Wintrow: oh, are those clowns a threath?
 28468 | D:13     | PolkaDot: I detest boggarts
 28468 | D:13     | PolkaDot: they summon things
 28468 | D:13     | Wintrow: owww
 28534 | D:14     | Wintrow: you could go back to a different dungeon floor. enemies respawn slowly
 28534 | D:14     | Wintrow: no blood on any of those
 28534 | D:14     | PolkaDot: to orc? to orc!
 28653 | Orc:1    | Wintrow: =P
 28662 | Orc:2    | Wintrow: you skipped a part of orc
 28675 | Orc:2    | PolkaDot: :p
 28675 | Orc:2    | Wintrow: half of orc 1
 28676 | Orc:1    | Found a burning altar of Makhleb.
 28677 | Orc:1    | Wintrow: scary :)
 28677 | Orc:1    | PolkaDot: you know, I AM rather peckish
 28731 | D:8      | Wintrow: :)
 28731 | D:8      | PolkaDot: plan: do swamp, 2 levels of Elven, then back to Dungeon diving
 28981 | Swamp:1  | Entered Level 1 of the Swamp
 29002 | Swamp:1  | Wintrow: swamp 1-4, elf 1-4, dungeon?
 29002 | Swamp:1  | PolkaDot: elf until I get skittish... it surprised me last time I went down there ^^;;
 29048 | Swamp:1  | Wintrow: hmm, maybe elf 2 is wiser, some nasty elven summonsers
 29065 | Swamp:1  | PolkaDot: I tend to play really risky when I'm in places I don't know, but since I do know it, it should be okay
 29065 | Swamp:1  | PolkaDot: see NEst :p
 29270 | Swamp:1  | PolkaDot: confirmation; vamp-brand works on spiders?
 29270 | Swamp:1  | PolkaDot: I get a bonus, because cross-train and Ash'll help out... I have a plan for teh long-away future!
 29429 | Swamp:1  | Wintrow: yeah vamp brand grabs hp from spiders. and necromancers and vampires get a bonus on vampiric brands
 29440 | Swamp:1  | PolkaDot: boom baby ^^
 29575 | Swamp:1  | Wintrow: the bots say it works on "normal holiness" so I'm not sure how it afects demons and angels
 29708 | Swamp:1  | PolkaDot: it doesn't
 29708 | Swamp:1  | Wintrow: do you have longsword skill? (+1 +2 vampiric longsword there
 29708 | Swamp:1  | PolkaDot: not yet
 29708 | Swamp:1  | Wintrow: the dagger is decent to :)
 29708 | Swamp:1  | PolkaDot: I've decided to get into a new habit; picking up loot after clearing the branch
 29708 | Swamp:1  | PolkaDot: should help prevent burdening myself
 29732 | Swamp:2  | Reached skill level 19 in Stealth
 29741 | Swamp:2  | Wintrow: "wasting" turns is usually a good way to starve. but mummies and vampires arent bothered by that :)
 29743 | Swamp:2  | PolkaDot: muahaha ^^
 29872 | Swamp:2  | Noticed Donald
 29999 | Swamp:2  | Killed Donald
 30013 | Swamp:2  | Wintrow: air magic skill? where did that come from?
 30030 | Swamp:2  | Wintrow: oh killing while flying
 30744 | Swamp:3  | Wintrow: 1 shot a dragon >< stabbing is overpowerd! :)
 30747 | Swamp:3  | PolkaDot: if I ever get this build to Pan...
 30747 | Swamp:3  | PolkaDot: one shot Pan Lords :P
 30768 | Swamp:3  | Wintrow: what does Darkness do?
 30768 | Swamp:3  | Wintrow: I'll look it up myself :)
 30770 | Swamp:3  | PolkaDot: makes it dark :p
 30770 | Swamp:3  | PolkaDot: restricts LoS
 30770 | Swamp:3  | PolkaDot: both yours and monsters
 30789 | Swamp:3  | Wintrow: Hexes spell that reduces LoS by 25% normally, does not decrease your stealth as a penalty.
 31678 | Swamp:5  | Entered Level 5 of the Swamp
 31933 | Swamp:5  | Found an ancient bone altar of Kikubaaqudgha.
 31961 | Swamp:5  | Wintrow: Have yuo ever seen the Lernean Hydra?
 31961 | Swamp:5  | PolkaDot: no. But I want to.
 31967 | Swamp:5  | Wintrow: this looks like the ending with it :)
 31981 | Swamp:5  | PolkaDot: I don't want to anymore xD
 32245 | Swamp:5  | Reached XP level 16. HP: 90/95 MP: 30/30
 32399 | Swamp:5  | Wintrow: invis? or can they see?
 32399 | Swamp:5  | PolkaDot: that's the way to go
 32440 | Swamp:5  | Wintrow: so many hydra's
 32440 | Swamp:5  | PolkaDot: :s
 32574 | Swamp:5  | Reached skill level 20 in Stealth
 32603 | Swamp:5  | Noticed the 27-headed Lernaean hydra
 32607 | Swamp:5  | Wintrow: !!!
 32607 | Swamp:5  | Wintrow: !!!!
 32607 | Swamp:5  | Wintrow: there it is
 32607 | Swamp:5  | Wintrow: your dagger won't cut the heads off. but thats a lot of attacks to dodge even if you're invissed
 32607 | Swamp:5  | PolkaDot: I'm not fighting it, that'd be silly
 32607 | Swamp:5  | PolkaDot: no way to one shot it
 32607 | Swamp:5  | Wintrow: :)
 32607 | Swamp:5  | PolkaDot: or at least, cause siginificant harm
 32607 | Swamp:5  | Wintrow: 27 heads! I love this guy.
 32607 | Swamp:5  | PolkaDot: it's gonne bug me though >.<
 32607 | Swamp:5  | PolkaDot: little voices in my head, "it's aliiiiive"
 32607 | Swamp:5  | Wintrow: leave it untill you can hit it from far away with a disintegration wand while invisible
 32607 | Swamp:5  | PolkaDot: I do wanna try something though
 32607 | Swamp:5  | Wintrow: and with a meatshield summon
 32607 | Swamp:5  | Wintrow: what? :)
 32607 | Swamp:5  | PolkaDot: Heh... who needs summons when I steal friends ;p
 32612 | Swamp:5  | PolkaDot: on sedond thought, I can't enslave that much that fast :(
 32612 | Swamp:5  | Wintrow: :)
 32620 | Swamp:5  | Drowned

Action                   |  1- 3 |  4- 6 |  7- 9 | 10-12 | 13-15 | 16-18 || total
-------------------------+-------+-------+-------+-------+-------+-------++-------
Melee: Dagger            |   182 |   235 |   287 |   696 |  1754 |    60 ||  3214
 Cast: Confuse           |     9 |    34 |    37 |    13 |    24 |       ||   117
       Ensorcelled Hiber |       |       |    41 |   128 |   229 |    10 ||   408
       Invisibility      |       |       |     8 |    24 |    44 |     2 ||    78
       Enslavement       |       |       |     1 |     1 |     7 |     2 ||    11
       Flight            |       |       |       |       |    57 |     3 ||    60
       Corona            |       |       |       |       |    24 |     1 ||    25
 Abil: Bottle Blood      |       |       |       |       |    12 |       ||    12
       End Transformatio |       |       |       |       |     2 |       ||     2
       Bat Form          |       |       |       |       |     2 |       ||     2
Evoke: Wand              |       |       |       |     1 |    23 |       ||    24
  Use: Potion            |     5 |     9 |       |     7 |    21 |       ||    42
       Scroll            |       |     3 |     4 |    27 |    24 |       ||    58
 Stab: Sleeping          |     7 |     1 |   105 |   221 |   466 |    16 ||   816
       Confused          |     3 |    16 |    18 |     5 |     9 |       ||    51
       Distracted        |     1 |       |       |     3 |     7 |       ||    11
       Invisible         |       |       |     9 |    34 |   110 |     7 ||   160
